Map: Newkirk Precinct TE (Void)

Players

KingSlayer

  • Race: Zerg Zerg
  • League: Gold
  • Spawn Location: 5:00

Fropez - Winner!

  • Race: Protoss Protoss
  • League: Gold
  • Spawn Location: 7:00

VOD

Have the link to the VOD?

Description

Time

  • Played on: Jan. 19, 2017, 6:47 p.m.
  • Length: 18:20
Show
View Real Time Build Order
Export as new Build Order

KingSlayer Zerg 

Build Orders: Hatch First 

Get SALT Encoding   

  12  0:02  Drone  
  13  0:22  Overlord  
  13  0:23  Drone  
  14  0:29  Extractor  
  14  0:31  Drone  
  14  0:32  Extractor  
  14  0:34  Drone  
  16  0:49  Drone  
  17  1:13  Hatchery  
  17  1:16  Spawning Pool  
  17  1:17  Drone  
  17  1:18  Drone  
  17  1:24  Drone  
  18  1:43  Overlord, Drone  
  19  2:07  Queen  
  21  2:17  Drone x3  
  24  2:25  Queen  
  24  2:28  Zergling x2  
  27  2:32  Spine Crawler  
  27  2:35  Drone  
  27  2:50  Extractor  
  26  2:52  Drone  
  26  2:53  Extractor, Drone x3  
  26  2:55  Queen  
  31  3:01  Queen, Zergling x4  
  35  3:19  Drone  
  36  3:20  Overlord  
  36  3:21  Overlord  
  36  3:42  Hatchery  
  36  3:43  Spore Crawler  
  36  3:47  Spore Crawler  
  33  4:09  Metabolic Boost  
  33  4:11  Lair  
  33  4:14  Drone x7  
  33  4:15  Drone  
  41  4:24  Drone x3  
  41  4:27  Extractor  
  43  4:31  Extractor  
  42  5:09  Roach Warren  
  41  5:14  Evolution Chamber  
  41  5:16  Evolution Chamber  
  39  5:22  Hydralisk Den  
  39  5:23  Drone x5  
  39  5:24  Drone x6  
  51  5:28  Drone x3  
  52  5:46  Drone  
  52  5:47  Drone x5  
  52  5:49  Overlord x2  
  58  5:55  Glial Reconstitution, Muscular Augments  
  58  5:58  Zerg Missile Weapons Level 1  
  58  6:01  Zerg Ground Armor Level 1  
  44  6:14  Roach x5  
  51  6:23  Roach x2  
  51  6:24  Roach  
  54  6:32  Roach  
  50  6:43  Roach  
  48  7:16  Roach  
  48  7:17  Roach x7  
  64  7:26  Drone x2  
  64  7:27  Drone x2  
  68  7:35  Drone x3  
  71  8:06  Zerg Missile Weapons Level 2  
  71  8:08  Zerg Ground Armor Level 2  
  71  8:20  Extractor  
  71  8:22  Drone x4  
  71  8:23  Overlord  
  71  8:24  Extractor, Overlord x4  
  73  8:44  Spine Crawler  
  72  8:51  Ravager  
  72  8:52  Ravager x4  
  77  9:03  Hydralisk x3  
  77  9:07  Hydralisk  
  77  9:08  Hydralisk  
  87  9:12  Ravager  
  88  9:17  Ravager  
  88  9:22  Ravager  
  90  9:26  Ravager  
  90  9:31  Ravager  
  92  9:35  Ravager  
  93  9:41  Ravager  
  94  9:55  Hydralisk x5  
  104  10:07  Hydralisk  
  104  10:10  Overlord x2  
  106  10:34  Ravager x4  
  110  10:36  Hydralisk x3  
  116  11:06  Hydralisk x3  
  116  11:08  Overlord x2  
  122  11:27  Hydralisk x2  
  122  11:28  Hydralisk  
  128  11:42  Hydralisk x3  
  88  12:37  Hydralisk x7  
  64  12:38  Hydralisk x2  
  64  12:40  Overseer  
  74  12:44  Overseer  
  74  12:47  Overseer  
  66  13:08  Pneumatized Carapace  
  66  13:13  Roach x4  
  74  13:28  Drone  
  74  13:29  Drone x5  
  74  13:34  Drone  
  81  13:36  Drone  
  82  13:42  Drone x2  
  84  13:52  Roach x2  
  84  13:53  Roach  
  90  14:11  Roach x4  
  90  14:12  Roach x2  
  102  14:27  Roach  
  102  14:28  Roach x5  
  114  14:43  Overlord x2  
  114  14:45  Roach x2  
  118  15:07  Roach x6  
  122  15:08  Roach x2  
  134  15:44  Ravager x3  
  134  15:45  Ravager x8  
  134  15:46  Ravager x9  
  134  15:49  Overlord x3  
  154  15:50  Overlord x3  
  154  16:09  Ravager x3  
  154  16:10  Ravager x6  
  163  16:16  Hydralisk x3  
  163  16:17  Hydralisk x2  
  50  17:23  Roach  
  50  17:26  Roach x2  
  50  17:27  Roach x8  
  50  17:28  Roach x12  
  50  17:29  Roach  
Show
View Real Time Build Order
Export as new Build Order

Fropez Protoss - Winner!

Build Orders: 1 Gate Expand, Mass Adepts 

Get SALT Encoding   

  12  0:01  Probe (Chrono Boost)  
  13  0:11  Probe (Chrono Boost)  
  14  0:20  Pylon  
  14  0:22  Probe (Chrono Boost)  
  15  0:38  Probe (Chrono Boost)  
  16  0:47  Gateway  
  16  0:49  Probe (Chrono Boost)  
  17  0:50  Assimilator  
  17  1:00  Probe (Chrono Boost)  
  18  1:07  Pylon  
  18  1:10  Probe (Chrono Boost)  
  19  1:21  Probe (Chrono Boost)  
  20  1:31  Probe (Chrono Boost)  
  21  1:42  Probe (Chrono Boost)  
  21  1:43  Nexus  
  22  1:51  Pylon  
  23  1:59  Cybernetics Core  
  22  2:21  Warp Gate  
  22  2:22  Zealot  
  22  2:26  Assimilator  
  22  2:27  Probe (Chrono Boost)  
  25  2:37  Gateway x2  
  25  2:47  Probe (Chrono Boost)  
  25  2:49  Adept  
  29  2:59  Probe (Chrono Boost)  
  31  3:06  Mothership Core (Chrono Boost)  
  31  3:11  Probe (Chrono Boost)  
  32  3:16  Pylon  
  32  3:23  Probe (Chrono Boost)  
  32  3:24  Probe (Chrono Boost)  
  32  3:25  Adept x2  
  38  3:29  Adept  
  41  3:35  Probe (Chrono Boost)  
  41  3:40  Pylon  
  41  3:44  Probe (Chrono Boost)  
  41  3:48  Probe (Chrono Boost)  
  43  3:55  Probe (Chrono Boost)  
  44  4:10  Assimilator  
  44  4:12  Robotics Facility  
  44  4:16  Gateway  
  45  4:17  Probe (Chrono Boost)  
  45  4:18  Assimilator, Probe (Chrono Boost), Gateway  
  46  4:33  Probe (Chrono Boost)  
  46  4:34  Adept x2, Probe (Chrono Boost)  
  46  4:35  Adept  
  54  4:56  Adept x3  
  58  5:08  Pylon  
  58  5:09  Forge  
  58  5:20  Adept x2  
  62  5:24  Pylon  
  62  5:27  Probe (Chrono Boost)  
  64  5:28  Probe (Chrono Boost)  
  64  5:33  Observer  
  65  5:37  Probe (Chrono Boost)  
  65  5:40  Probe (Chrono Boost)  
  67  5:48  Twilight Council, Pylon, Probe (Chrono Boost)  
  68  5:52  Probe (Chrono Boost)  
  69  5:58  Probe (Chrono Boost)  
  71  6:04  Probe (Chrono Boost)  
  67  6:34  Adept x3, Protoss Ground Weapons Level 1  
  67  6:35  Adept x2, Warp Prism  
  69  7:03  Stalker x5  
  69  7:06  Immortal  
  81  7:26  Robotics Facility  
  81  7:34  Nexus  
  81  7:37  Stalker x2  
  81  7:38  Pylon  
  81  7:41  Pylon  
  85  7:53  Pylon  
  85  7:54  Probe x2 (Chrono Boost), Assimilator  
  85  7:59  Assimilator  
  85  8:03  Stalker x5  
  95  8:12  Immortal  
  95  8:13  Charge  
  95  8:17  Probe x2 (Chrono Boost), Immortal  
  105  8:25  Gateway  
  105  8:28  Gateway  
  105  8:32  Forge x2  
  105  8:34  Pylon  
  105  8:46  Photon Cannon  
  105  8:48  Photon Cannon, Dark Shrine  
  105  8:53  Probe (Chrono Boost)  
  105  8:55  Probe (Chrono Boost)  
  107  8:56  Pylon  
  107  9:06  Sentry x2  
  107  9:07  Sentry x3  
  125  9:28  Immortal x2  
  125  9:31  Adept x2  
  125  9:32  Adept x2  
  133  10:01  Zealot x3  
  133  10:02  Zealot  
  141  10:10  Protoss Ground Weapons Level 2  
  141  10:15  Protoss Ground Armor Level 1  
  141  10:30  Resonating Glaives  
  141  10:35  Pylon  
  141  10:38  Pylon  
  141  10:41  Pylon  
  141  10:54  Zealot x3  
  141  10:55  Zealot  
  139  11:05  Dark Templar x2  
  143  11:32  Sentry x2  
  143  11:33  Sentry x3  
  153  11:45  Robotics Bay, Pylon  
  153  11:53  Pylon  
  153  11:57  Dark Templar x4  
  155  12:04  Nexus  
  155  12:07  Pylon  
  149  12:09  Assimilator  
  149  12:11  Pylon  
  122  12:27  Dark Templar x3  
  81  12:38  Probe x3 (Chrono Boost)  
  81  12:43  Warp Prism  
  83  12:45  Protoss Ground Weapons Level 3  
  83  12:47  Zealot x2  
  83  12:48  Zealot x2  
  83  12:50  Probe (Chrono Boost)  
  92  12:53  Gateway x2  
  92  12:56  Photon Cannon  
  92  12:58  Gateway  
  82  13:06  Zealot x2  
  82  13:07  Zealot  
  82  13:10  Pylon  
  88  13:13  Dark Templar x2  
  88  13:15  Zealot x2  
  88  13:16  Pylon  
  96  13:20  Archon  
  96  13:26  Colossus  
  102  13:37  Assimilator  
  103  13:43  Probe x3 (Chrono Boost)  
  103  13:48  Colossus  
  105  13:55  Extended Thermal Lance  
  111  13:59  Zealot x4  
  119  14:24  Colossus  
  119  14:28  Sentry x2  
  131  14:47  Probe x3 (Chrono Boost), Photon Cannon  
  132  14:57  Zealot x6  
  144  15:00  Colossus  
  150  15:19  Protoss Ground Armor Level 2  
  150  15:22  Nexus  
  150  15:32  Protoss Shields Level 1  
  150  15:35  Templar Archives  
  150  15:43  Assimilator  
  150  15:48  Pylon  
  150  15:52  Pylon  
  150  15:55  Assimilator  
  150  16:00  Pylon  
  150  16:05  Pylon, Sentry x6  
  150  16:06  Sentry x2  
  166  16:20  Pylon  
  166  16:23  Pylon  
  166  16:31  Gateway  
  166  16:32  Photon Cannon  
  166  16:35  Probe (Chrono Boost), Photon Cannon  
  166  16:36  Probe x3 (Chrono Boost), Photon Cannon  
  170  16:49  Colossus  
  151  17:07  Zealot x2  
  151  17:08  Zealot x4  
  141  17:09  Zealot x3  
  131  17:28  Stalker  
  131  17:29  Stalker x5  
  123  18:09  Zealot x7  
  123  18:10  Zealot x4  
Tags
 
Add a new tag
Caveats
  • Supply blocks, unpowered buildings, or Contaminate may cause inaccurate times.
  • Supply counts are checked every 10 seconds.